 Dungeon Crawl Stone Soup version 0.21-a0-518-g43a1781948 (webtiles) character file.

513 Kaname the Conjurer (level 7, 33/47 HPs)
             Began as a Demonspawn Wizard on Dec 4, 2017.
             Quit the game in an ossuary.
             The game lasted 00:09:19 (3063 turns).

Kaname the Conjurer (Demonspawn Wizard)             Turns: 3063, Time: 00:09:19

Health: 33/47      AC:  3    Str:  8    XL:     7   Next: 0%
Magic:  0/12       EV: 12    Int: 21    God:
Gold:   152        SH:  0    Dex: 11    Spells: 4/13 levels left

rFire    . . .     SeeInvis .   p - +0 spear
rCold    . . .     Gourm    .   (no shield)
rNeg     . . .     Faith    +   a - +0 robe
rPois    .         Spirit   .   b - +0 hat
rElec    .         Reflect  .   (no cloak)
rCorr    .         Harm     .   (no gloves)
MR       .....                  (no boots)
Stlth    ++........             j - amulet of faith
HPRegen  0.15/turn              (no ring)
MPRegen  0.13/turn              (no ring)

@: very slightly contaminated
A: rugged brown scales 1, demonic guardian 1
a: no special abilities


You were in an ossuary.
You were very hungry.

You visited 1 branch of the dungeon, and saw 4 of its levels.
You also visited: Ossuary.

You collected 152 gold pieces.

Inventory:

Hand Weapons
 p - a +0 spear (weapon)
Missiles
 c - 5 curare-tipped needles
Armour
 a - a +0 robe (worn)
 b - a +0 hat (worn)
Jewellery
 j - an amulet of faith (around neck)
Wands
 t - a wand of polymorph (4)
Scrolls
 e - a scroll of amnesia {unknown}
 f - a scroll of fog {unknown}
 i - a scroll of fear {unknown}
 l - a scroll of random uselessness {unknown}
 n - 3 scrolls of identify {unknown}
 q - 2 scrolls of teleportation {unknown}
 u - a scroll of noise {unknown}
Potions
 h - a potion of curing {unknown}
 k - 3 potions of berserk rage {unknown}
 m - 2 potions of heal wounds {unknown}
 o - a potion of flight {unknown}
 s - a potion of haste {unknown}
 v - 2 potions of might {unknown}
Comestibles
 d - 5 bread rations
 g - 4 royal jellies
 r - 4 fruits


   Skills:
 - Level 1.7 Dodging
 - Level 1.7 Stealth
 + Level 3.7 Spellcasting
 - Level 5.1 Conjurations
   Level 1.0 Summonings
 - Level 1.0 Translocations
 - Level 0.7 Fire Magic
 - Level 3.5 Air Magic
 - Level 1.0 Poison Magic


You had 4 spell levels left.
You knew the following spells:

 Your Spells              Type           Power        Failure   Level  Hunger
a - Magic Dart            Conj           ####         1%          1    None
b - Blink                 Tloc           N/A          12%         2    ##.....
c - Mephitic Cloud        Conj/Pois/Air  ###.....     10%         3    ###....
d - Conjure Flame         Conj/Fire      ###.....     11%         3    ###....


Dungeon Overview and Level Annotations

Branches:
Dungeon (4/15)
 Temple: D:4-7

Altars:
Gozag
Trog


Innate Abilities, Weirdness & Mutations

You are partially covered in rugged brown scales. (AC +1, +3% HP)
A weak demonic guardian rushes to your aid.


Message History

Dickchan's ghost hits you but does no damage.
Dickchan's ghost hits you.
You barely miss Dickchan's ghost.
Dickchan's ghost is almost destroyed.
Dickchan's ghost screams, "I have seen your future, and it is all used up."
Dickchan's ghost hits you.
Casting: Magic Dart
Confirm with . or Enter, or press ? or * to list all spells.
Aiming: Magic Dart
Press: ? - help, Shift-Dir - straight line, f/p - Dickchan's ghost
Aim: Dickchan's ghost (almost destroyed)
The magic dart hits Dickchan's ghost.
Dickchan's ghost is almost destroyed.
Dickchan's ghost closely misses you.
You hit Dickchan's ghost.
You destroy Dickchan's ghost!
You have reached level 7!
Your demonic ancestry asserts itself...
Rugged brown scales grow over part of your body.
Are you sure you want to abandon this character and quit the game? (Confirm with "yes".)

##############
#^...'@..#...#
..'..^^#...#..^#
..#^^.^#...'^.^#
###########'##
#...# #...#
#...# #...#
#'###


There were no monsters in sight!

Vanquished Creatures
  The ghost of Dickchan the Insei, an amateur GnTm (Ossuary)
  A water moccasin zombie (Ossuary)
  An orc priest (D:3)
  A worker ant (D:4)
  A big kobold zombie (Ossuary)
  A mummy (D:4)
  4 adders
  An ooze (D:1)
  5 adder zombies (Ossuary)
  A leopard gecko (D:1)
  5 orcs (D:3)
  A ball python (D:1)
  6 bats
  6 goblins
  4 hobgoblins
  2 jackals (D:2)
  7 kobolds
  3 quokkas
  4 frilled lizards
  A hobgoblin zombie (Ossuary)
  2 kobold zombies (Ossuary)
  An orc zombie (Ossuary)
  4 rats
63 creatures vanquished.

Vanquished Creatures (collateral kills)
  Sigmund (D:2)
  A scorpion (D:4)
  An adder zombie (Ossuary)
  An orc (D:3)
  A goblin (D:2)
5 creatures vanquished.

Grand Total: 68 creatures vanquished

Notes
Turn   | Place    | Note
-------+----------+-------------------------------------------
     0 | D:1      | Kaname the Demonspawn Wizard began the quest for the Orb.
     0 | D:1      | Reached XP level 1. HP: 13/13 MP: 4/4
   330 | D:1      | Reached skill level 2 in Conjurations
   356 | D:1      | Gained mutation: A weak demonic guardian rushes to your aid. [demonic ancestry]
   356 | D:1      | Reached XP level 2. HP: 19/19 MP: 1/6
   417 | D:1      | Learned a level 2 spell: Blink
   987 | D:2      | Found an opulent altar of Gozag.
  1014 | D:2      | Reached skill level 3 in Conjurations
  1024 | D:2      | Reached XP level 3. HP: 18/24 MP: 0/7
  1029 | D:2      | Learned a level 3 spell: Mephitic Cloud
  1072 | D:2      | Found a bloodstained altar of Trog.
  1111 | D:2      | Reached skill level 1 in Translocations
  1313 | D:2      | Noticed Sigmund
  1322 | D:2      | Killed Sigmund
  1322 | D:2      | Reached XP level 4. HP: 30/30 MP: 0/8
  1322 | D:2      | Reached XP level 5. HP: 35/35 MP: 0/9
  1382 | D:3      | Reached skill level 1 in Poison Magic
  1469 | D:3      | Learned a level 3 spell: Conjure Flame
  2000 | D:3      | Found an opulent altar of Gozag.
  2404 | D:4      | Reached skill level 4 in Conjurations
  2404 | D:4      | Reached XP level 6. HP: 41/41 MP: 3/10
  2542 | D:4      | Found a sand-covered staircase.
  2711 | Ossuary  | Entered an ossuary
  2916 | Ossuary  | Reached skill level 5 in Conjurations
  3024 | Ossuary  | Noticed Dickchan's ghost (amateur GnTm)
  3062 | Ossuary  | Killed Dickchan's ghost
  3062 | Ossuary  | Gained mutation: You are partially covered in rugged brown scales. (AC +1, +3% HP) [demonic ancestry]
  3062 | Ossuary  | Reached XP level 7. HP: 33/47 MP: 0/12
  3063 | Ossuary  | Quit the game

Vault maps used:
D:1:      co_arrival_square_in_a_square_in_a_square, minmay_misc_feat_columns,
          kennysheep_boxes
D:2:      old_standard_altar, nicolae_gozag_cash_rules_everything_around_me,
          uniq_sigmund
D:3:      first_bread, lemuel_altar_in_water2
D:4:      lemuel_round_altar, serial_shops, shop, gup_ossuary_entry_pyramid
Ossuary:  ossuary_tomb_2

Skill      XL: |  1  2  3  4  5  6 |
---------------+-------------------+-----
Conjurations   | 2 3 4 5 |  5.1
Translocations | 1 |  1.0
Air Magic      | 3 |  3.5
Poison Magic   | 1 |  1.0
Dodging        | |  1.7
Stealth        | |  1.7
Spellcasting   | |  3.7
Summonings     | |  1.0
Fire Magic     | |  0.7

Action                   |  1- 3 |  4- 6 |  7- 9 || total
-------------------------+-------+-------+-------++-------
Melee: Unarmed           |     9 |       |       ||     9
       Short sword       |    23 |       |       ||    23
       Spear             |     1 |   133 |       ||   134
 Cast: Magic Dart        |    53 |    69 |       ||   122
       Mephitic Cloud    |     1 |       |       ||     1
       Conjure Flame     |       |     4 |       ||     4
 Stab: Sleeping          |       |     1 |       ||     1
  Eat: Chunk             |     1 |     5 |       ||     6
Armor: Robe              |    13 |    11 |       ||    24
Dodge: Dodged            |    25 |    70 |       ||    95

Table legend:
 A = Spawn XP
 B = Non-spawn XP
 C = Spawn XP percentage of total XP
 D = Spawn monster count
 E = Non-spawn monster count
 F = Spawn count percentage of total count
 G = Total turns spent on level
                    A         B        C        D         E        F      G
               +---------+---------+-------+---------+---------+-------+---------
         Total |       0 |     734 |   0.0 |       0 |      68 |   0.0 |  3063
               +---------+---------+-------+---------+---------+-------+---------
           D:1 |       0 |      35 |   0.0 |       0 |      19 |   0.0 |   959
           D:2 |       0 |     222 |   0.0 |       0 |      11 |   0.0 |   421
           D:3 |       0 |      97 |   0.0 |       0 |      20 |   0.0 |   975
           D:4 |       0 |     105 |   0.0 |       0 |       5 |   0.0 |   356
       Ossuary |       0 |     275 |   0.0 |       0 |      13 |   0.0 |   352
               +---------+---------+-------+---------+---------+-------+---------
